 Dungeon Crawl Stone Soup version 0.30-b1-5-g8e6c1be481 (webtiles) character file.

Game seed: 7967328696410087108

6696 Mysteryquy the Cleaver (level 10, -4/136 HPs)
             Began as a Minotaur Berserker on May 4, 2023.
             Was an Elder of Trog.
             Slain by Erolcha
             ... wielding a +0 giant spiked club
              (20 damage)
             ... on level 9 of the Dungeon.
             The game lasted 00:11:20 (10273 turns).

Mysteryquy the Cleaver (Minotaur Berserker)        Turns: 10273, Time: 00:11:20

Health: -4/136     AC: 18    Str: 25    XL:     10   Next: 74%
Magic:  9/9        EV:  9    Int:  4    God:    Trog [****..]
Gold:   488        SH:  5    Dex: 11    Spells: 9/9 levels left

rFire   . . .        a - +0 hand axe (chaos)
rCold   . . .        (no shield)
rNeg    . . .        J - +0 plate armour
rPois   .            (helmet restricted)
rElec   .            l - +0 cloak
rCorr   .            k - +1 pair of gloves
SInv    .            u - +0 pair of boots
Will    .....        K - amulet of reflection Stlth
                     (no ring)
HPRegen 0.42/turn    (no ring)
MPRegen 0.11/turn

%: reflection
@: berserking (expiring), very quick
A: horns 2, retaliatory headbutt
a: Renounce Religion, Berserk, Trog's Hand, Brothers in Arms


You were on level 9 of the Dungeon.
You worshipped Trog.
Trog was greatly pleased with you.
You visited 1 branch of the dungeon, and saw 10 of its levels.
You also visited: Sewer.

You collected 488 gold pieces.

Inventory:

Hand Weapons
 a - a +0 hand axe of chaos (weapon)
Armour
 b - a +0 animal skin
 k - a +1 pair of gloves (worn)
 l - a +0 cloak (worn)
 u - a +0 pair of boots (worn)
 E - a +0 ring mail
 J - a +0 plate armour (worn)
Jewellery
 z - a ring of ice
 F - an amulet of magic regeneration
 K - an amulet of reflection (around neck)
Wands
 v - a wand of paralysis (12)
 w - a wand of flame (18)
 A - a wand of light (1)
 C - a wand of polymorph (20)
 D - a wand of roots (18)
Scrolls
 f - 2 scrolls of enchant armour
 j - 4 scrolls of identify
 m - 2 scrolls of blinking
 n - 3 scrolls of teleportation
 o - 4 scrolls of fear
 q - a scroll of noise
 r - a scroll of amnesia
 y - a scroll of magic mapping
 G - a scroll of vulnerability
Potions
 c - 2 potions of haste
 d - 3 potions of attraction {unknown}
 e - a potion of ambrosia {unknown}
 g - a potion of cancellation {unknown}
 h - a potion of mutation {unknown}
 i - 7 potions of curing {unknown}
 p - a potion of berserk rage {unknown}
 s - a potion of flight {unknown}
 t - a potion of heal wounds
 B - a potion of degeneration {unknown}


   Skills:
 + Level 9.5 Fighting
 + Level 12.9 Axes
 + Level 7.2 Armour
 + Level 7.1 Dodging
 + Level 5.0 Stealth
 + Level 2.0 Shields
 + Level 1.0 Evocations


You had 9 spell levels left.
You didn't know any spells.
Your spell library was empty.

Dungeon Overview and Level Annotations

Branches:
Dungeon (10/15)            Temple (0/1) D:6           Sewer (visited)
   Lair: D:8-11         Orc: D:9-12

Altars:
Dithmenos
Kikubaaqudgha
Makhleb
Qazlal
Ru
Xom
Lugonu

Shops:
D:5 :   D:8 *

Annotations:
D:7 2 transporters
D:9 Erolcha


Innate Abilities, Weirdness & Mutations

You have a pair of horns on your head.
You reflexively headbutt those who attack you in melee.


Message History

You closely miss the yak. Your headbutt misses the yak.
The yak is almost dead.
The orc warrior hits you but does no damage.
The yak gores you.
You closely miss the yak.
The yak is almost dead.
You hit something. You freeze something. You barely miss the yak.
The yak is almost dead.
You hit something. Something hits you!
The orc warrior hits you from afar with a +4 halberd of protection.
The yak misses you.
You are too injured to fight recklessly!
You are too injured to fight recklessly!
You are too injured to fight recklessly!
You are too injured to fight recklessly!
You are too injured to fight recklessly!
You are too injured to fight recklessly!
You are too injured to fight recklessly!
You climb upwards.
Reactivating autopickup.
You feel a strong urge to attack something.
There is a stone staircase leading down here.
You slash the yak!
You kill the yak!
Trog accepts your kill.
You slash something!
Your Stealth skill increases to level 5!
Deactivating autopickup; reactivate with Ctrl-A.
You barely miss something. Your punch misses something. Something hits you!!
* * * LOW HITPOINT WARNING * * *
You hit something but do no damage. You hit something.
Nothing appears to happen.
You barely miss something. Your headbutt misses something. Something hits you!!
* * * LOW HITPOINT WARNING * * *
You completely miss something. You closely miss something.
Your headbutt misses something. You hit something.
Lightning courses through something! Your headbutt misses something.
Something hits you!!
You die...

#.......##.#.............#
#..........##########...##
#.....###############...#.
#..#..#....#.....##.....#.
#..#..#....#.....##.....#.
#..#..#....#.....##.....#.
#..#..#....#.....##..)).#.
#..#..#..†##.....#####)##.
#.....#..@##.....##...)...
#.....#...{.......#.......
#.....#...........+.......
#...#.#...........#....###
#...#.#...........#....###
#...#.#...#####'###.......
#...#.#...#.........#####.
#.....#...#..####...#...#.
#.....##'##..# #...#...#.


There were no monsters in sight!

Vanquished Creatures
  Pikel (D:6)
  A manticore (D:6)
  Maurice (D:8)
  Psyche (D:8)
  Grinder (D:5)
  Prince Ribbit (D:6)
  A shadow (D:9)
  A wyvern (D:9)
  8 yaks
  A wraith (D:9)
  4 water moccasins
  A black bear (D:8)
  2 ogres (D:5)
  2 centaurs
  4 lemures (D:6)
  3 phantoms
  A kobold brigand (D:10)
  A gnoll sergeant (D:9)
  7 bullfrogs
  A scorpion (D:6)
  9 wights
  7 killer bees
  6 hounds
  4 jellies
  2 orc priests
  3 iguanas
  Ijyb (D:5)
  An orc wizard (D:8)
  11 adders
  5 gnolls (D:9)
  2 shadow imps
  A white imp (D:5)
  4 worms
  A dart slug (D:2)
  7 orcs
  18 ball pythons
  17 endoplasms
  11 giant cockroaches
  9 goblins
  4 hobgoblins
  2 jackals (D:2)
  9 quokkas
  8 bats
  10 frilled lizards
  6 kobolds
  6 rats
207 creatures vanquished.

Vanquished Creatures (others)
  14 fungi (D:4)
14 creatures vanquished.

Grand Total: 221 creatures vanquished

Notes
Turn   | Place    | Note
-------+----------+-------------------------------------------
     0 | D:1      | Mysteryquy the Minotaur Berserker began the quest for the
                  | Orb.
     0 | D:1      | Reached XP level 1. HP: 19/19 MP: 0/0
    82 | D:1      | Reached skill level 4 in Axes
    82 | D:1      | Reached XP level 2. HP: 24/27 MP: 1/1
  1217 | D:2      | Reached XP level 3. HP: 33/33 MP: 2/2
  1300 | D:2      | Reached ** piety under Trog
  2180 | D:3      | Reached XP level 4. HP: 37/41 MP: 3/3
  2465 | D:3      | Reached skill level 1 in Stealth
  2644 | D:3      | Reached skill level 5 in Axes
  3335 | D:4      | Found a shimmering altar of Xom.
  3402 | D:4      | Reached XP level 5. HP: 45/47 MP: 4/4
  3558 | D:4      | Noticed a phantom
  3569 | D:4      | Killed a phantom
  3570 | D:4      | Reached skill level 6 in Axes
  3702 | D:4      | Found a sacrificial altar of Ru.
  3964 | D:5      | Entered Level 5 of the Dungeon
  3971 | D:5      | Noticed an ogre
  3975 | D:5      | Killed an ogre
  3976 | D:5      | Reached skill level 5 in Fighting
  3976 | D:5      | Reached XP level 6. HP: 56/56 MP: 5/5
  4176 | D:5      | Found Qoilehum's Book Boutique.
  4208 | D:5      | Reached skill level 7 in Axes
  4305 | D:5      | Reached XP level 7. HP: 59/61 MP: 6/6
  4328 | D:5      | Found a glowing drain.
  4328 | D:5      | Noticed Grinder
  4342 | D:5      | Paralysed by Grinder for 5 turns
  4347 | D:5      | Killed Grinder
  4348 | D:5      | Reached skill level 8 in Axes
  4507 | Sewer    | Entered a sewer
  4603 | Sewer    | Reached *** piety under Trog
  5330 | D:5      | Reached XP level 8. HP: 47/70 MP: 7/7
  5459 | D:5      | Reached **** piety under Trog
  5492 | D:5      | Noticed Ijyb
  5502 | D:5      | Killed Ijyb
  5510 | D:5      | Reached skill level 9 in Axes
  5671 | D:5      | Found a shadowy altar of Dithmenos.
  5726 | D:5      | Found an ancient bone altar of Kikubaaqudgha.
  5964 | D:6      | Reached skill level 5 in Dodging
  5994 | D:6      | Noticed Pikel
  6225 | D:6      | Killed Pikel
  6226 | D:6      | Reached skill level 10 in Axes
  6364 | D:6      | Noticed a manticore
  6524 | D:7      | Noticed a brown ugly thing
  6526 | D:7      | Noticed a green ugly thing
  6528 | D:7      | Found a transporter.
  6528 | D:7      | Noticed a white ugly thing
  6528 | D:7      | Noticed a green ugly thing
  6529 | D:7      | Found a corrupted altar of Lugonu.
  6691 | D:7      | Reached XP level 9. HP: 79/79 MP: 8/8
  6742 | D:7      | Found a transporter.
  7024 | D:6      | Noticed Prince Ribbit
  7038 | D:6      | Killed Prince Ribbit
  7096 | D:6      | Killed a manticore
  7097 | D:6      | Reached skill level 11 in Axes
  7598 | D:6      | Found a staircase to the Ecumenical Temple.
  8035 | D:7      | Reached skill level 1 in Evocations
  8514 | D:8      | Found Memol's General Store.
  8520 | D:8      | Noticed Psyche
  8535 | D:8      | Killed Psyche
  8762 | D:8      | Reached skill level 5 in Armour
  8784 | D:8      | Noticed Maurice
  8797 | D:8      | Killed Maurice
  8798 | D:8      | Reached XP level 10. HP: 91/91 MP: 9/9
  9140 | D:9      | Reached skill level 12 in Axes
  9376 | D:9      | Found a stormy altar of Qazlal.
  9380 | D:9      | Found a burning altar of Makhleb.
  9422 | D:9      | Reached skill level 1 in Shields
 10244 | D:10     | Entered Level 10 of the Dungeon
 10254 | D:10     | Noticed Erolcha
 10267 | D:9      | Reached skill level 5 in Stealth
 10273 | D:9      | Slain by Erolcha

Illustrated notes

Levels and vault maps discovered:
D:1:      dpeg_arrival_boxes_within_box, layout_loops_ring, glass_columns_a
D:2:      layout_basic
D:3:      layout_rooms, serial_co_window_serial, co_window_paths_a,
          co_window_of_opportunity_a, co_window_paths_a, co_window_paths_a,
          co_window_paths_b, co_window_paths_a, co_window_paths_a,
          co_window_corner_a, co_window_corner_a, co_window_corner_cb,
          co_window_corner_cb, co_window_2corner, co_window_of_opportunity_b,
          co_window_corner_b, co_window_of_opportunity_b,
          co_window_unsneaky_path_e, co_window_sun, glass_columns_a
D:4:      layout_loops_ring, mainiacjoe_overflow_cross_hatched,
          kennysheep_mini_moat
D:5:      layout_basic, mainiacjoe_overflow_alcove_1, kennysheep_little_box,
          serial_shops, nicolae_shop_back_alley_shop, gup_sewer_entry_glass,
          uniq_grinder, uniq_ijyb
D:6:      layout_basic, minmay_temple_entry_glassed_door,
          minmay_strange_pillars, minivault_5, minmay_curled_crystal,
          uniq_prince_ribbit1, uniq_pikel
D:7:      gammafunk_corrupted_shrine, layout_loops_ring, corexii_checkpoint_a
D:8:      layout_rooms, nicolae_stop_n_shop_2, uniq_maurice, uniq_psyche
D:9:      layout_stronghold, minitemple
D:10:     layout_basic, dreamdust_divine_triumvirate, serial_shops, shop,
          nicolae_evil_shop, uniq_erolcha

Skill      XL: |  1  2  3  4  5  6  7  8  9 10 |
---------------+-------------------------------+-----
Axes           | 4 5 6 7 8 10 11 12 | 12.9
Fighting       | 4 5 6 7 9 |  9.5
Stealth        | 1 2 3 5 |  5.0
Dodging        | 3 4 6 7 |  7.1
Armour         | 5 7 |  7.2
Evocations     | 1 |  1.0
Shields        | 2 |  2.0

Action                     |  1- 3 |  4- 6 |  7- 9 | 10-12 || total
---------------------------+-------+-------+-------+-------++-------
  Melee: Hand axe          |    81 |    95 |   341 |   149 ||   666
         Headbutt          |    16 |    14 |    48 |    35 ||   113
         Punch             |       |     3 |     2 |     1 ||     6
 Invoke: Berserk           |       |     1 |     7 |     1 ||     9
         Trog's Hand       |       |       |     2 |       ||     2
  Evoke: Wand              |       |       |     1 |       ||     1
    Use: Scroll            |       |       |    16 |       ||    16
         Potion            |       |       |     1 |       ||     1
   Stab: Sleeping          |     1 |     4 |     1 |       ||     6
         Paralysed         |       |       |       |     3 ||     3
         Petrifying        |       |       |       |     2 ||     2
 Armour: Animal skin       |    13 |    22 |    48 |       ||    83
         Plate armour      |       |       |    36 |    54 ||    90
         Ring mail         |       |       |     5 |       ||     5
  Dodge: Dodged            |    51 |    62 |   166 |    39 ||   318
  Block: Other             |       |       |     4 |    24 ||    28
         Reflection        |       |       |       |     4 ||     4
